 Dungeon Crawl Stone Soup version 0.30-a0-946-gec5dcfc036 (webtiles) character file.

Game seed: 11427970003439048304

156 gohu the Chopper (level 5, -4/47 HPs)
             Began as a Hill Orc Fighter on Mar 26, 2023.
             Killed from afar by Ijyb (16 damage)
             ... with a bolt of light
             ... on level 3 of the Dungeon.
             The game lasted 00:04:06 (2214 turns).

gohu the Chopper (Hill Orc Fighter)                 Turns: 2214, Time: 00:04:06

Health: -4/47      AC:  9    Str: 21    XL:     5   Next: 37%
Magic:  5/5        EV:  7    Int:  8    God:
Gold:   85         SH:  4    Dex: 10    Spells: 4/4 levels left

rFire   . . .      SeeInvis .    a - +0 war axe
rCold   . . .      Faith    .    c - +0 buckler
rNeg    . . .      Spirit   .    k - +0 chain mail
rPois   .          Reflect  .    (no helmet)
rElec   .          Rampage  .    (no cloak)
rCorr   .                        (no gloves)
Will    .....                    (no boots) Stlth
                                 (no amulet)
HPRegen 0.27/turn                (no ring)
MPRegen 0.09/turn                (no ring)

@: mighty
A: no striking features
a: no special abilities


You were on level 3 of the Dungeon.
You visited 1 branch of the dungeon, and saw 4 of its levels.

You collected 124 gold pieces.
You spent 39 gold pieces at shops.

Inventory:

Hand Weapons
 a - a +0 war axe (weapon)
Missiles
 q - 3 boomerangs (quivered)
Armour
 b - a +0 scale mail
 c - a +0 buckler (worn)
 k - a +0 chain mail (worn)
Jewellery
 g - a ring of positive energy
Scrolls
 e - 3 scrolls of identify {unknown}
 l - a scroll of noise {unknown}
 o - 2 scrolls of blinking {unknown}
 p - a scroll of teleportation
Potions
 f - a potion of berserk rage {unknown}
 h - a potion of cancellation {unknown}
 i - 4 potions of heal wounds
 j - 2 potions of curing {unknown}
 m - a potion of attraction {unknown}
 n - a potion of degeneration {unknown}


   Skills:
 * Level 4.8 Fighting
 * Level 5.6 Axes
 + Level 4.0 Armour
 - Level 3.2 Shields


You had 4 spell levels left.
You didn't know any spells.
Your spell library was empty.

Dungeon Overview and Level Annotations

Branches:
Dungeon (4/15)
 Temple: D:4-7

Altars:

Shops:
D:2 *:!:

Annotations:
D:3 Ijyb


Message History

The adder poisons you! Ijyb hits you with a +0 club.
The adder bites you but does no damage.
You closely miss Ijyb. You miss the adder.
You feel sick. Ijyb hits you but does no damage. You block the adder's attack.
Ijyb barely misses you.
You closely miss Ijyb. You miss the adder.
You feel sick. The adder bites you but does no damage. You block Ijyb's attack.
The adder barely misses you.
You hit Ijyb.
Ijyb is lightly wounded.
You slash the adder!
You kill the adder!
You feel sick. Ijyb hits you but does no damage.
Your Armour skill increases to level 4!
You barely miss Ijyb.
Ijyb is lightly wounded.
You feel sick. Ijyb hits you but does no damage.
You hit Ijyb but do no damage.
Ijyb is lightly wounded.
You feel sick. Ijyb screams, "Me kill you!"
Ijyb zaps a wand.
The bolt of light hits you!
* * * LOW HITPOINT WARNING * * *
It was a potion of heal wounds.
You feel much better.
You feel sick.
You are no longer poisoned.
Ijyb hits you with a +0 club.
You closely miss Ijyb.
Ijyb is lightly wounded.
You block Ijyb's attack. Ijyb hits you with a +0 club.
You barely miss Ijyb.
Ijyb is lightly wounded.
Ijyb hits you with a +0 club.
* * * LOW HITPOINT WARNING * * *
You feel very mighty all of a sudden. Ijyb hits you with a +0 club.
* * * LOW HITPOINT WARNING * * *
You hit Ijyb.
Ijyb is moderately wounded.
Ijyb zaps a wand.
The bolt of light hits you!
You die...

...........## #...
............### .....
.............. .........
............# #........
............# ........
............######....... ..#
............##.....# #..##...
....$......g@..#..## #..##.#.
.$..#......#####.#####..##.#.
# ##.....# #..>...........
#......##.......##....#.
#.........#.....##....#.
##..##..........##......
......##.........).)..#
..####.##.............## .##
#.##........##...##


You could see Ijyb.

Vanquished Creatures
  An orc priest (D:3)
  5 adders
  2 worms (D:2)
  2 dart slugs (D:2)
  2 orcs (D:3)
  5 ball pythons
  3 bats
  11 endoplasms
  4 giant cockroaches
  3 goblins
  5 hobgoblins
  5 jackals (D:1)
  3 quokkas (D:1)
  5 frilled lizards
  5 kobolds
  4 rats (D:1)
65 creatures vanquished.

Notes
Turn   | Place    | Note
-------+----------+-------------------------------------------
     0 | D:1      | gohu the Hill Orc Fighter began the quest for the Orb.
     0 | D:1      | Reached XP level 1. HP: 19/19 MP: 1/1
   136 | D:1      | Reached XP level 2. HP: 24/27 MP: 2/2
   194 | D:2      | Found Giroryh's Distillery.
   199 | D:2      | Reached skill level 3 in Axes
   204 | D:2      | Found Ysuore's Book Shop.
   351 | D:2      | Reached XP level 3. HP: 22/34 MP: 3/3
  1018 | D:1      | Reached skill level 4 in Axes
  1079 | D:2      | Reached XP level 4. HP: 39/41 MP: 4/4
  1434 | D:3      | Reached skill level 5 in Axes
  1556 | D:2      | Found Menig's Book Boutique.
  1584 | D:2      | Found Oreresk's General Store.
  1600 | D:2      | Bought a scroll of teleportation for 39 gold pieces
  2022 | D:2      | Reached XP level 5. HP: 47/47 MP: 5/5
  2191 | D:3      | Noticed Ijyb
  2214 | D:3      | Killed from afar by Ijyb

Illustrated notes

Levels and vault maps discovered:
D:1:      doesnt_arrival_eight_statues, layout_basic, solitary_fountain,
          dreamdust_princess_bridge
D:2:      layout_basic, serial_shops, nicolae_shop_trees, shop, shop,
          nicolae_shop_crystal, kennysheep_cross_room
D:3:      layout_rooms, st_stairs_10, corexii_item_surrounded_by_moat,
          kennysheep_generic_room_13, uniq_ijyb
D:4:      layout_loops_cross, nicolae_wu_jian_wuxing_cycle,
          corexii_leaking_fountain, minivault_4, minmay_door_square,
          uniq_blork_the_orc, uniq_grinder, uniq_edmund

Skill      XL: |  1  2  3  4  5 |
---------------+----------------+-----
Fighting       | 4 |  4.8
Axes           | 3 4 5 |  5.6
Armour         | 4 |  4.0
Shields        | |  3.2

Action                     |  1- 3 |  4- 6 || total
---------------------------+-------+-------++-------
  Melee: War axe           |    97 |    76 ||   173
  Throw: Boomerang         |       |     2 ||     2
    Use: Potion            |       |     2 ||     2
 Armour: Scale mail        |    30 |       ||    30
         Chain mail        |    18 |    49 ||    67
  Dodge: Dodged            |    46 |    30 ||    76
  Block: Buckler           |    19 |    20 ||    39

Table legend: (Time is in decaauts)
 A = Elapsed time spent in this place.
 B = Non-inter-level travel time spent in this place.
 C = Inter-level travel time spent in this place.
 D = Time resting spent in this place.
 E = Time spent auto-exploring this place.
 F = Levels seen in this place.
 G = Mean time per level.
                   A        B        C        D        E       F      G
               +--------+--------+--------+--------+--------+-----+--------+
         Total |   2277 |   2196 |     81 |     53 |   1650 |   4 |  569.2 |
       Dungeon |   2277 |   2196 |     81 |     53 |   1650 |   4 |  569.2 |
               +--------+--------+--------+--------+--------+-----+--------+

Top non-repeatable levels by time:
     D:2: 1059 daAuts
     D:1: 1031 daAuts
     D:3: 184 daAuts
     D:4: 1 daAuts
